 Dungeon Crawl Stone Soup version 0.28.0 (webtiles) character file.

Game seed: 4149008729048125332

9 ProzacElf the Skirmisher (level 2, 0/24 HPs)
             Began as a Demonspawn Monk on Feb 14, 2022.
             Slain by a jackal (3 damage)
             ... on level 1 of the Dungeon.
             The game lasted 00:00:54 (398 turns).

ProzacElf the Skirmisher (Demonspawn Monk)           Turns: 398, Time: 00:00:55

Health: 0/24       AC:  8    Str: 11    XL:     2   Next: 3%
Magic:  2/2        EV: 13    Int: 11    God:
Gold:   0          SH:  0    Dex: 15    Spells: 1/1 levels left

rFire   . . .      SeeInvis .   a - +0 falchion
rCold   . . .      Faith    .   (no shield)
rNeg    . . .      Spirit   .   b - +0 robe
rPois   .          Reflect  .   (no helmet)
rElec   .          Harm     .   (no cloak)
rCorr   .          Rampage  .   (no gloves)
Will    .....                   (no boots)
Stlth   ++........              (no amulet)
HPRegen 0.08/turn               (no ring)
MPRegen 0.08/turn               (no ring)

@: sanguine armoured
A: sanguine armour 1
a: no special abilities


You were on level 1 of the Dungeon.
You visited 1 branch of the dungeon, and saw 1 of its levels.

Inventory:

Hand Weapons
 a - a +0 falchion (weapon)
Missiles
 c - a stone (quivered)
Armour
 b - a +0 robe (worn)
 f - a +0 chain mail
 g - a +0 ring mail
Scrolls
 e - 2 scrolls of fear {unknown}
Potions
 d - a potion of berserk rage {unknown}


   Skills:
 - Level 3.0 Fighting
 + Level 3.0 Long Blades
 + Level 3.0 Dodging
 - Level 1.7 Stealth


You had one spell level left.
You didn't know any spells.
Your spell library was empty.

Dungeon Overview and Level Annotations

Branches:
Dungeon (1/15)

Altars:


Innate Abilities, Weirdness & Mutations

When seriously injured, your blood forms armour. (AC +6)


Message History

Ye take 2 damage, an' haf 5/18 hp.
Found a scroll labelled EQUPNAL DUNG.
Tha giant cockroach closely misses ye.
A jackal comes inta view.
Found a faded altar o' an unknown god. 3 jackals come inta view.
Found 28 stones.
Tha jackal bites ye.
* * * LOW HITPOINT WARNIN'
* * * Tha giant cockroach closely misses ye.
Ye take 1 damage, an' haf 4/18 hp.
Tha jackal barks! x2; Ye hear a bark!
Ye hear a shout!
A jackal comes inta view.
Tha jackal barely misses ye.
Tha jackal barely misses ye.
Tha jackal closely misses ye.
Tha jackal barely misses ye.
Ye hit tha jackal but do nay damage.
Tha jackal bites ye but does nay damage.
Tha jackal misses ye.
Ye hit tha jackal.
Tha jackal be almost dead.
Tha jackal closely misses ye.
Tha jackal bites ye but does nay damage.
Ye barely miss tha jackal.
Tha jackal be almost dead.
Tha jackal misses ye.
Ye barely miss tha jackal.
Tha jackal be almost dead.
Tha jackal bites ye but does nay damage.
Tha jackal barely misses ye.
Ye hit tha jackal.
Ye kill tha jackal!
Tha jackal bites ye.
* * * LOW HITPOINT WARNIN'
* * * Ye haf reached level 2!
Yer demonic ancestry asserts itself...
Ye feel yer blood ready itself ta protect ye.
Ye take 3 damage, an' haf 2/24 hp.
MP restored: 2 Unknown command.
Ye barely miss tha jackal.
Yer blood congeals inta armour.
Tha jackal bites ye.
Ye die...

#..# #..# #Jl#
#..# ## # #..#
.###.# #g.# .....
#..# ...#
#..########...#.##
#...JgBgbh@.......
#.#..gJ####...#.##
#.#.......(##.# #
#.#?.8.⌠.8.# .. #.
#.#........# .# ..
#.##.⌠._.⌠.# # #.
#. ........# #
...8.⌠.8..
.........


You could see 2 endoplasms, a jackal, a giant cockroach, 2 hobgoblins, a goblin
and a bat.

Vanquished Creatures
  A ball python (D:1)
  A goblin (D:1)
  A hobgoblin (D:1)
  A jackal (D:1)
  A kobold (D:1)
  2 bats (D:1)
  A rat (D:1)
8 creatures vanquished.

Vanquished Creatures (others)
  A plant (D:1)
1 creature vanquished.

Grand Total: 9 creatures vanquished

Notes
Turn   | Place    | Note
-------+----------+-------------------------------------------
     0 | D:1      | ProzacElf the Demonspawn Monk began the quest for the Orb.
     0 | D:1      | Reached XP level 1. HP: 18/18 MP: 1/1
   382 | D:1      | Found a faded altar of an unknown god.
   398 | D:1      | Gained mutation: When seriously injured, your blood forms
                  | armour. (AC +6) [demonic ancestry]
   398 | D:1      | Reached XP level 2. HP: 2/24 MP: 2/2
   398 | D:1      | Slain by a jackal

Illustrated notes

Levels and vault maps discovered:
D:1:      erik_arrival_orb_chamber, layout_basic,
          hellmonk_ecumenical_altar_dog_temple, serial_bayou_pond_b

Skill      XL: |  1 |
---------------+----+-----
Long Blades    | 3 |  3.0
Dodging        | 3 |  3.0
Fighting       | |  3.0
Stealth        | |  1.7

Action                   || total
-------------------------++-------
Melee: Falchion          ||    37
Armor: Robe              ||    23
Dodge: Dodged            ||    65
